Cogmind - Beta 15 @@@ ROGUE MODE // 2025.06.27 @ 15:39:04 Player: ChemSlug Result: Destroyed by as-59220 with Assembled Blade Performance ------------- Evolutions (0) 0 Regions Visited (2) 400 Robots Destroyed (6) 30 Value Destroyed (77) 77 Prototype IDs (0) 0 Alien Tech Used (0) 0 Bonus (0) 0 TOTAL SCORE: 507 Bonus ------- None Cogmind --------- Core Integrity 0/250 Matter 300/300 Energy 100/100 System Corruption 0% Temperature Cool (0) Movement Core (1400) Ox27 Location -10/Mines Parts ------- > --- POWER (1) -------- (None) > --- PROPULSION (2) --- (None) > --- UTILITY (2) ------ Huge Storage Unit Weapon Shielding > --- WEAPON (2) ------- Datajack > --- INVENTORY (25) --- Ion Engine Hover Unit Structural Scanner Sensor Array Terrain Scanner Power Shielding EM Pulse Gun Assault Rifle Grenade Launcher Peak State ------------ > --- POWER ------------ Ion Engine > --- PROPULSION ------- Light Treads Light Treads > --- UTILITY ---------- Small Storage Unit Power Shielding > --- WEAPON ----------- Assault Rifle Grenade Launcher > --- INVENTORY -------- Ion Engine Structural Scanner Sensor Array Terrain Scanner EM Pulse Gun Datajack [Rating: 7] Favorites ----------- Power Ion Engine Engine Ion Engine Propulsion Light Treads Treads Light Treads Utility Power Shielding Storage Huge Storage Unit Protection Power Shielding Weapon Grenade Launcher Energy Gun EM Pulse Gun Ballistic Gun Assault Rifle Launcher Grenade Launcher Special Melee Weapon Datajack Build | -11 -10 -10 ------- Run | Yrd Mat Min Slots Evolved . | . . . Power . | . . . Propulsion . | . . . Utility . | . . . Weapon . | . . . Parts Attached 12 | 6 5 1 Power 2 | 1 1 . Engine 2 | 1 1 . Core . | . . . Reactor . | . . . Propulsion 2 | 2 . . Treads 2 | 2 . . Leg . | . . . Wheel . | . . . Hover . | . . . Flight . | . . . Utility 4 | 1 2 1 Device . | . . . Storage 2 | 1 1 . Processor . | . . . Hackware . | . . . Protection 2 | . 1 1 Artifact . | . . . Weapon 4 | 2 2 . Energy Gun 1 | 1 . . Energy Cannon . | . . . Ballistic Gun 1 | 1 . . Ballistic Cannon . | . . . Launcher 1 | . 1 . Special Weapon . | . . . Impact Weapon . | . . . Slashing Weapon . | . . . Piercing Weapon . | . . . Special Melee Weapon 1 | . 1 . Unidentified Prototypes . | . . . Parts Lost 5 | . 1 4 Power 2 | . 1 1 Propulsion 2 | . . 2 Utility . | . . . Weapon 1 | . . 1 Highest Loss Streak 4 | . 1 4 To Critical Strikes . | . . . Average Backups 6 | 1 5 9 Power 1 | . 1 1 Propulsion . | . . 1 Utility 2 | . 2 4 Weapon 2 | . 1 3 Tool/Special . | . . . Unused Backups 6 | . . 6 Power 1 | . . 1 Propulsion 1 | . . 1 Utility 3 | . . 3 Weapon 1 | . . 1 Tool/Special . | . . . Average Slot Usage (%) 92 | . 86 98 Engine 11 | . 9 13 Treads 25 | . 24 27 Storage 14 | . 14 14 Protection 11 | . 8 14 Energy Gun 2 | . 5 . Ballistic Gun 4 | . 9 . Launcher 12 | . 10 13 Special Melee Weapon 8 | . 2 14 Peak Build Rating 7 | 6 7 7 Average Rating 6 | 4 6 6 On Entrance 4 | . 6 7 Naked Turns . | . . . Heaviest Build 90 | 12 90 90 Greatest Support 40 | 40 40 40 Greatest Overweight (x) 29 | . 2 29 Average Overweight (x) . | . . 2 Largest Inventory Capacity 25 | 8 25 25 Average Capacity 17 | 7 10 25 Most Carried 9 | 5 9 9 Average Carried 7 | 1 5 9 Final Capacity 25 | 8 25 25 Final Carried 9 | 1 9 9 Class Distribution -------------------- 100% | Mutant Dominant Class ---------------- Mutant | -10/Materials Mutant | -10/Mines Resources | -11 -10 -10 ----------- Run | Yrd Mat Min Matter Collected 391 | 119 245 27 Remotely . | . . . Salvage Created 162 | . 162 . Parts 9 | . 9 . Haulers Intercepted . | . . . Recyclers Shooed . | . . . Parts Field Recycled . | . . . Retrieved Matter . | . . . Parts Self-Destructed . | . . . Prevented . | . . . Kills | -11 -10 -10 ------- Run | Yrd Mat Min Combat Hostiles Destroyed 4 | . 4 . Guns 3 | . 3 . AOE 1 | . 1 . Classes Destroyed 4 | . 4 . Tunneler 1 | . 1 . Recycler 1 | . 1 . Swarmer 3 | . 3 . Grunt 1 | . 1 . Best Kill Streak 4 | . 4 . Combat Bots Only 3 | . 3 . Max Kills in Single Turn 2 | . 2 . Gunslinging . | . . . Exploded 1 | . 1 . Melee . | . . . Uniques/NPCs Destroyed . | . . . Combat | -11 -10 -10 -------- Run | Yrd Mat Min Hostile Shots Fired 70 | . 48 22 Missed 18 | . 12 6 Hits 52 | . 36 16 Melee 16 | . . 16 Projectile 36 | . 36 . Critical Strikes 2 | . . 2 Damage Taken 804 | . 303 501 Core 256 | . 37 219 Absorbed by Shields . | . . . Redirected to Shielding 13 | . 2 11 Core Remaining (%) 100 | 100 . . Volleys Fired 16 | . 16 . Largest 2 | . 2 . Hottest 60 | . 60 . Shots Fired 32 | . 32 . Gun 31 | . 31 . Cannon . | . . . Launcher 1 | . 1 . Special . | . . . Kinetic 16 | . 16 . Thermal . | . . . Explosive 1 | . 1 . Electromagnetic 15 | . 15 . Robot Hit Streak 4 | . 4 . Robot Miss Streak 4 | . 4 . Penetration Max . | . . . Secondary Targets . | . . . Shots Hit Robots 16 | . 15 1 Core Hits 6 | . 6 . Critical Kills . | . . . Critical Parts Destroyed . | . . . Critical Strikes 1 | . 1 . Corrupt 1 | . 1 . Melee Attacks 1 | . . 1 Impact . | . . . Slashing . | . . . Piercing . | . . . Sneak Attacks 1 | . . 1 Combat Hostiles . | . . . Follow-up Attacks . | . . . Damage Inflicted 237 | . 237 . Guns 208 | . 208 . Cannons . | . . . Explosions 22 | . 22 . Melee . | . . . Ramming 7 | . 7 . Kinetic 101 | . 101 . Thermal . | . . . Explosive 22 | . 22 . Electromagnetic 107 | . 107 . Impact . | . . . Slashing . | . . . Piercing . | . . . Highest Corruption . | . . . Average Corruption . | . . . Corruption Purged . | . . . Corruption Blocked . | . . . Overload Shots . | . . . Overflow Damage . | . . . Projectiles . | . . . Explosions . | . . . Melee . | . . . Knockbacks . | . . . Impact . | . . . Kinetic . | . . . Secondary . | . . . Self-Inflicted Damage . | . . . Shots . | . . . Rammed 2 | . 2 . Targets Rammed 2 | . 2 . Kicked . | . . . Crushed . | . . . Highest Temperature 30 | . 30 . Average Temperature 19 | . 19 . Received Heat Transfer 36 | . 36 . Siege Activations . | . . . Martial Activations . | . . . Shielding Activations . | . . . Robots Disrupted . | . . . Combat Hostiles . | . . . Robots Corrupted . | . . . Combat Hostiles . | . . . Parts Fried . | . . . Impact Corruptions . | . . . Robots Melted . | . . . Combat Hostiles . | . . . Parts Melted . | . . . Heat Transferred . | . . . Parts Sabotaged . | . . . Parts Stolen . | . . . Parts Stripped . | . . . Power Chain Reactions . | . . . Alert | -11 -10 -10 ------- Run | Yrd Mat Min Maximum Alert Level . | . . . Low Security (%) 100 | 100 100 100 Level 1 . | . . . Level 2 . | . . . Level 3 . | . . . Level 4 . | . . . Level 5 . | . . . High Security . | . . . Max Security . | . . . Peak Influence 78 | . 78 . Initial . | . . . Average 5 | . 10 . Influence Increases 144 | . 144 . Destroy 0b10 Robot/C 80 | . 80 . Destroy 0b10 Robot/NC 10 | . 10 . Destroy Leader 20 | . 20 . Successful Hack 11 | . 11 . Destroy Structure 8 | . 8 . Lose Combat Pursuer 15 | . 15 . Influence Decreases 144 | . 144 . Time Decay 134 | . 134 . Lost Part 10 | . 10 . Squads Dispatched 3 | . 3 . Investigation 1 | . 1 . Extermination . | . . . Reinforcement 2 | . 2 . Assault . | . . . Garrison . | . . . Intercept . | . . . Searches Triggered . | . . . Construction Impeded . | . . . Haulers Reinforced . | . . . Active Scanning Responses . | . . . Cargo Convoy Interrupts . | . . . Stealth | -11 -10 -10 --------- Run | Yrd Mat Min Distress Signals 1 | . 1 . Communications Jammed . | . . . Distress Signals . | . . . Times Spotted 13 | . 7 6 Peak Tracking Total 6 | . 3 6 Tactical Retreats 1 | . 1 . Traps | -11 -10 -10 ------- Run | Yrd Mat Min Traps Triggered 1 | . 1 . Indirectly . | . . . Trap Hack Attempts . | . . . Triggered . | . . . Disarmed . | . . . Reprogrammed . | . . . Reused . | . . . Traps Extracted . | . . . Installed . | . . . Triggered . | . . . Machines | -11 -10 -10 ---------- Run | Yrd Mat Min Machines Disabled . | . . . Max in Single Turn . | . . . Machines Repaired . | . . . Machines Dismantled . | . . . Machines Sabotaged . | . . . Overloaded Fab Kills . | . . . Hacking | -11 -10 -10 --------- Run | Yrd Mat Min Machines Accessed 2 | . 2 . Terminals 1 | . 1 . Fabricators . | . . . Repair Stations . | . . . Recycling Units 1 | . 1 . Scanalyzers . | . . . Garrison Access . | . . . Total Hacks 6 | . 6 . Successful 3 | . 3 . Failed 3 | . 3 . Catastrophic . | . . . Database Lockouts . | . . . Manual . | . . . Terminals 3 | . 3 . Fabricators . | . . . Repair Stations . | . . . Recycling Units 3 | . 3 . Scanalyzers . | . . . Garrison Access . | . . . Terminal Hacks 2 | . 2 . Dispatch Records 1 | . 1 . Surveillance Status 1 | . 1 . Fabricator Hacks . | . . . Repair Station Hacks . | . . . Recycling Unit Hacks 1 | . 1 . Retrieve Components 1 | . 1 . Scanalyzer . | . . . Garrison Access Hacks . | . . . Unauthorized Hacks . | . . . Terminals . | . . . Fabricators . | . . . Repair Stations . | . . . Recycling Units . | . . . Scanalyzers . | . . . Garrison Access . | . . . Data Cores Recovered . | . . . Used . | . . . Hacking Detections 2 | . 2 . Full Trace Events 1 | . 1 . Feedback Events . | . . . Feedback Blocked . | . . . Robot Schematics Acquired . | . . . Robots Built . | . . . Authchips . | . . . Time . | . . . Total Robot Build Rating . | . . . Part Schematics Acquired . | . . . Parts Built . | . . . Authchips . | . . . Time . | . . . Total Part Build Rating . | . . . Parts Repaired . | . . . Time . | . . . Parts Recycled . | . . . Recycled Matter . | . . . Retrieved Matter . | . . . Retrieved Components 1 | . 1 . Parts Scanalyzed . | . . . Part Schematics Acquired . | . . . Parts Damaged . | . . . Bothacking | -11 -10 -10 ------------ Run | Yrd Mat Min Used RIF Installer . | . . . Robots Hacked 1 | . . 1 Non-combat 1 | . . 1 Combat . | . . . Robot Hacks Applied 1 | . . 1 no_distress 1 | . . 1 Relay Couplers Released . | . . . Fabnet Peak Effective % . | . . . Robots Rewired . | . . . Allies Hacked . | . . . Hacks Repelled . | . . . Allies | -11 -10 -10 -------- Run | Yrd Mat Min Total Allies 2 | . . 2 Largest Group 2 | . . 2 Highest-Rated Group 38 | . . 38 Highest-Rated Ally 31 | . . 31 Total Orders . | . . . Ally Attacks 1 | . . 1 Total Damage 22 | . . 22 Kills 1 | . . 1 Allies Corrupted . | . . . Allies Melted . | . . . Intel | -11 -10 -10 ------- Run | Yrd Mat Min Active Infowar (turns) . | . . . Robot Analysis Total . | . . . Derelict Logs Recovered 1 | . . 1 Drone Launches . | . . . Drone Recoveries . | . . . Exploration | -11 -10 -10 ------------- Run | Yrd Mat Min Turns Passed 1419 | 51 675 693 Spaces Moved 587 | 34 341 212 Core 15 | 13 . 2 Treads 572 | 21 341 210 Legs . | . . . Wheels . | . . . Hover . | . . . Flight . | . . . Fastest Speed 50 | 50 160 320 Average Speed 229 | 117 177 331 Slowest Speed 1500 | 160 320 1500 Overloaded Moves . | . . . Propulsion Burnouts . | . . . Robots Hopped . | . . . Potential Cave-ins . | . . . Cave-ins Triggered . | . . . Exploration Rate (%) 26 | 3 39 38 Regions Visited 2 Branch Regions 1 Pre-discovered Areas . | . . . Known Exits Taken . | . . . Unknown Exits Taken 2 | 1 1 . Scrap Searched . | . . . Spaces Dug . | . . . Terrain Destroyed 7 | . 7 . Melee . | . . . Projectile . | . . . AOE 7 | . 7 . Terrain Rammed . | . . . Walls Destroyed . | . . . Machines Disabled . | . . . Actions | -11 -10 -10 --------- Run | Yrd Mat Min Total 638 | 45 378 215 Wait . | . . . Move 585 | 33 340 212 Hop . | . . . Pick Up 17 | 6 11 . Fast Attach 1 | 1 . . Attach 9 | 5 3 1 Detach 1 | . . 1 Swap 5 | . 5 . Drop 1 | . 1 . Fire 16 | . 16 . Melee 1 | . . 1 Ram . | . . . Kick . | . . . Crush 2 | . 2 . Escape Stasis . | . . . Rewire . | . . . Trap . | . . . Miscellaneous . | . . . Route ------- -11/Scrapyard -10/Materials (discovered 2 exits: [*Mat] / [*Min]) -10/Mines (discovered 1 exit: [*Mat]) History --------- Turn | Location | Event 6 | -11/Scrapyard | Discovered new exit (range 15) 52 | -11/Scrapyard | Entered Materials 113 | -10/Materials | Met 8R-AWN 332 | -10/Materials | Discovered new exit (range 15) 337 | -10/Materials | Build established: Mutant 496 | -10/Materials | Discovered new exit (range 16) 652 | -10/Materials | Derelicts attacked the area 727 | -10/Materials | Entered Mines 731 | -10/Mines | Followed 8R-AWN into the Mines 843 | -10/Mines | Discovered new exit (range 12) 1338 | -10/Mines | Assembled infested the area 1343 | -10/Mines | Assisted by a Guerilla fighting off Assembled 1405 | -10/Mines | Lost 3 allies 1406 | -10/Mines | Core integrity fell below 50% 1419 | -10/Mines | Core integrity fell below 20% 1420 | -10/Mines | Destroyed by as-59220 with Assembled Blade Last Messages --------------- K-01 Serf collects debris. Sneak attack on T-07 Excavator. Jacked T-07 Excavator... >>no_distress Distress signal routine blocked. Acquired 20 matter. Acquired 7 matter. K-01 Serf collects debris. ALERT: Infestation in the mines, dispatching Demolisher response squad. A derelict emerges from the shadows: "You need to get out of here! I've been tracking a group of Assembled to figure out where they're coming from, and they're closing on this area, come on!" 1C-4NT(z) destroyed. K-01 Serf collects debris. Lgt. Treads destroyed. Ion Engine destroyed. Grenade Launcher destroyed. Map ----- +----------------------------------------------------+ | ???????????????????????# ##?????????????????????? | | ?????????????????????## #?????????????????????? | | ??????????????????#### ##??##????????????????? | | ?????????????????## ## ##???????????????? | | ??????????###????# #???????????????? | | ?????????? ????# #???????????????? | | ?????????? ?????# #????????????????? | | ?????????? ??????# #?????????????????? | | ?????????? ??##### #?????????????????? | | ?????????? ??# %* [ #????????????????? | | #?????????# ??# ## ### #???????????????? | | ###???????# #??# ### ##?????? ????????????? | | ##??????# #??# #?# ##??????????? ##???????????? | | #??????# #??# #?# #???????????????????????????? | | #??????# #### #?# #???????????????????????????? | | #??????# #?# #???????????????????????????? | | # #??????# ######?# #???????????????????????????? | | # ######## ######## ######??????????????????????? | | # % #??????????????????????? | | ###################### #??????????????????????? | | #????????????????????# #??????????????????????? | | ####????????????????????# #??????????????????????? | | ????????????????????????# #??????????????????????? | | ????####????????????????# #??????????????????????? | | ????# ##???????????????#a#### #?????????????????? | | ????# #???????????????#@ #?????????????????? | | ????# #???????????????########?????????????????? | | ???## #????????????????????????????????????????? | | ??## ##???????????????????????????????????????? | | ?## ####????????????????????????????????????? | | ## ##???????????????????????????????????? | | # #???????????????????????????????????? | | # ##??????????????????????????????????? | | ###????????????????????????????????? | | ##???????????????????????????????? | | ### ## """ ##??????????????????????????????? | | ??# ### """ #??????????????????????????????? | | ??# #### """ < #??????????????????????????????? | | ??# ### ##??????????????????????????????? | | ??### #?# ##???????????????????????????????? | | ????# #?## #????????????????????????????????? | | ????# #??## ##????????????????????????????????? | | ????# #???######?????????????????????????????????? | | ????# #??????????????????????????????????????????? | | ????# #??????????????????????????????????????????? | | ????# #??????????????????????????????????????????? | | ### ######?????????????????????????????????????? | | #?????????????????????????????????????? | | # #?????????????????????????????????????? | | ## ###### ###???????????????????????????????????? | +----------------------------------------------------+ Best States ------------- Heat Dissipation 25 Energy Generation 10 Energy Capacity 250 Matter Stores 300 Matter Capacity 300 Sight Range 16 Terrain Scan Density 10 Power Shielding 33 Weapon Shielding 33 Evasion (%) 50 Recoil Reduction 2 Item Schematics ----------------- None Robot Schematics ------------------ None Fabricated ------------ Nothing Repaired ---------- Nothing Alien Tech Used ----------------- None Achievements -------------- None Challenges ------------ None Game ------ Seed SuspensionDisposableMantle Manual? 0 Play Time 00:10:37 Cumulative 4.9 hours Start 2025.06.27 @ 15:28:23 End 2025.06.27 @ 15:39:04 Sessions 1 Manual Loads 0 Difficulty Rogue Special Mode None Game No. 10 Rogue 10 Adventurer 0 Explorer 0 Win Type - Total 0 Types 0/0/0/0/0/0/0/0/0/0 Lore% 0 Gallery% 11 Achievement% 8 Wizard Run 0 Options --------- Layout 1 ASCII 0 Keyboard 0 Movement Mouse Keybinds 0 Fullscreen 1 Font 20/SmallcapsGlow Map View 50x35 Zoom Use 0% Tactical HUD 0 Map Filters NONE Filters NONE Steam 1 RUN: c7c0f527-3c33-49bf-8183-a1a135f082ba